 Dungeon Sprint DCSS version 0.26.0-16-gc1dbca0489 (webtiles) character file.

Game seed: 4177485054530608064

7325 Monica the Protected (level 11, -14/89 HPs)
             Began as a Gnoll Wanderer on Jan 21, 2021.
             Was an Elder of Ru.
             Demolished by an orc warrior
             ... wielding a +0 glaive
              (30 damage)
             ... in the Dungeon (Sprint IX: "|||||||||||||||||||||||||||||").
             The game lasted 00:09:02 (4245 turns).

Monica the Protected (Gnoll Wanderer)               Turns: 4245, Time: 00:09:03

Health: -14/89     AC: 20    Str: 19    XL:     11   Next: 13%
Magic:  23/24      EV: 17    Int: 18    God:    Ru [****..]
Gold:   687        SH:  0    Dex: 13    Spells: 28/28 levels left

rFire    . . .     SeeInvis .   o - +2 dire flail (protect)
rCold    . . .     Faith    .   (shield currently unavailable)
rNeg     . . .     Spirit   .   b - +2 scale mail
rPois    .         Reflect  .   (no helmet)
rElec    .         Harm     .   (no cloak)
rCorr    .         Rampage  .   e - +0 pair of gloves
Will     .....     NoTele   +   d - +0 pair of boots
Stlth    +++.......             (no amulet)
HPRegen  0.24/turn              u - +2 ring of evasion
MPRegen  0.19/turn              v - +3 ring of intelligence

@: protection aura
A: distributed training, fangs 1, inability to use devices, unskilled 1, strong
nose
a: Renounce Religion, Draw Out Power, Power Leap


You were in the Dungeon.
You worshipped Ru.
Ru was greatly pleased with you.
You visited 1 branch You collected 687 gold pieces.

Inventory:

Hand Weapons
 a - a +0 shortbow
 n - a +1 vorpal broad axe
 o - a +2 dire flail of protection (weapon)
 p - a +2 halberd of venom
 q - a +0 lajatang
 r - a +2 scimitar of holy wrath
Missiles
 c - 34 arrows
Armour
 b - a +2 scale mail (worn)
 d - a +0 pair of boots (worn)
 e - a +0 pair of gloves (worn)
 s - a +0 pair of gloves
Jewellery
 u - a +2 ring of evasion (left hand)
 v - a +3 ring of intelligence (right hand)
Scrolls
 i - 3 scrolls of blinking
 k - 3 scrolls of remove curse
 l - 2 scrolls of amnesia
 x - 4 scrolls of identify
 y - a scroll of fog
Potions
 f - 2 potions of haste
 g - 4 potions of magic
 h - 2 potions of berserk rage
 j - 5 potions of curing
 w - a potion of mutation


   Skills:
 + Level 9.4 Fighting
 + Level 9.0 Short Blades
 + Level 9.0 Long Blades
 + Level 9.4 Axes
 + Level 9.0 Maces & Flails
 + Level 9.0 Polearms
 + Level 9.0 Staves
 + Level 9.0 Slings
 + Level 9.0 Bows
 + Level 10.7 Crossbows
 + Level 9.4 Throwing
 + Level 10.7 Armour
 + Level 9.0 Dodging
 + Level 9.3 Stealth
 + Level 9.0 Shields
 + Level 9.0 Unarmed Combat
 + Level 9.0 Spellcasting
 + Level 7.5 Conjurations
 + Level 7.5 Hexes
 + Level 7.5 Summonings
 + Level 7.5 Necromancy
 + Level 7.5 Translocations
 + Level 7.5 Transmutations
 + Level 7.5 Fire Magic
 + Level 7.5 Ice Magic
 + Level 7.5 Air Magic
 + Level 7.5 Earth Magic
 + Level 7.5 Poison Magic
 + Level 9.8 Invocations
   Level 0.0 Evocations


You had 28 spell levels left.
You didn't know any spells.
Your spell library was empty.

Dungeon Overview and Level Annotations

Branches:
Dungeon (1/1)

Altars:
Cheibriados
Dithmenos
Elyvilon
Fedhas
Gozag
Hepliaklqana
Kikubaaqudgha
Makhleb
Nemelex Xobeh
Okawaru
Qazlal
Ru
Sif Muna
Trog
Uskayaw
Vehumet
Wu Jian
Xom
Yredelemnul
Zin
The Shining One
Beogh
Jiyva
Lugonu


Innate Abilities, Weirdness & Mutations

Your experience applies equally to all skills.
You have very sharp teeth.
You cannot study or use magical devices.
You are somewhat unskilled. (-1 Apt)
Your uncanny sense of smell can sniff out nearby items.


Message History

Unknown command.
The orc warrior is stunned by your conviction and fails to attack.
The orc warrior hits you from afar with a +0 glaive.
You focus your inner power and illuminate the orc warrior in retribution!
Items here: $ ))) [[[ †.
You thump the orc warrior!
The orc warrior is moderately wounded.
The orc warrior no longer looks unusually strong.
The orc warrior hits you with a +0 glaive.
The orc warrior hits you from afar with a +0 glaive!
You hit the orc warrior.
The orc warrior is heavily wounded.
The orc warrior misses you.
You sock the orc warrior!
The orc warrior is severely wounded.
You feel less exhausted.
The orc warrior hits you from afar with a +0 glaive!
* * * LOW HITPOINT WARNING * * *
The orc warrior hits you from afar with a +0 glaive!!
You die...

▓.▓.▓.▓.▓.▓
▓.▓.▓'▓.▓.▓
▓.▓.▓.▓.▓.▓
▓.▓.▓.▓.▓.▓
∆
▓.▓.▓.▓.▓)▓
∆
▓.▓.▓.▓.▓.▓
∆
▓.▓)▓.▓.▓.▓
∆
▓'▓.▓.▓.▓.▓
▓@▓.▓|▓.▓.▓
∆
▓)▓.▓(▓.▓.▓
∆
▓o▓.▓.▓.▓'▓
∆
▓o▓.▓.▓.▓_▓
∆
▓o▓.▓.▓.▓_▓
∆
▓o▓.▓.▓.▓_▓
∆
▓o▓.▓/▓.▓_▓
∆
▓)▓.▓'▓.▓_▓
∆
▓.▓.▓.▓.▓_▓


You could see 5 orc warriors.

Vanquished Creatures
  A hydra (D)
  An orc knight (D)
  An elephant (D)
  A cane toad (D)
  A rime drake (D)
  3 komodo dragons (D)
  4 polar bears (D)
  2 yaks (D)
  4 water moccasins (D)
  An ice beast (D)
  7 orc warriors (D)
  4 black bears (D)
  3 sky beasts (D)
  A wolf (D)
  2 ogres (D)
  A centaur (D)
  A big kobold (D)
  2 bullfrogs (D)
  A scorpion (D)
  A wight (D)
  A hound (D)
  A jelly (D)
  3 orc wizards (D)
  2 worker ants (D)
  An adder (D)
  A dart slug (D)
  5 orcs (D)
  A goblin (D)
  A hobgoblin (D)
  A frilled lizard (D)
  2 rats (D)
61 creatures vanquished.

Vanquished Creatures (others)
  An orc high priest (D)
  A komodo dragon (D)
  2 polar bears (D)
4 creatures vanquished.

Grand Total: 65 creatures vanquished

Notes
Turn   | Place    | Note
-------+----------+-------------------------------------------
     0 | D        | Monica the Gnoll Wanderer began the quest for the Orb.
     0 | D        | Monica set off with the following items: a +0 shortbow, a
                  | +2 scale mail, 22 arrows, a potion of curing, a potion of
                  | heal wounds, a potion of haste, 2 potions of magic, a
                  | potion of berserk rage, a scroll of blinking
     0 | D        | Reached XP level 1. HP: 17/17 MP: 1/1
    10 | D        | Reached skill level 1 in Invocations
    14 | D        | Reached skill level 1 in Short Blades
    14 | D        | Reached skill level 1 in Long Blades
    14 | D        | Reached skill level 1 in Maces & Flails
    14 | D        | Reached skill level 1 in Polearms
    14 | D        | Reached skill level 1 in Staves
    14 | D        | Reached skill level 1 in Slings
    14 | D        | Reached skill level 1 in Bows
    14 | D        | Reached skill level 1 in Dodging
    14 | D        | Reached skill level 1 in Shields
    14 | D        | Reached skill level 1 in Unarmed Combat
    14 | D        | Reached skill level 1 in Spellcasting
    14 | D        | Reached skill level 1 in Evocations
    15 | D        | Reached XP level 2. HP: 23/23 MP: 1/3
    35 | D        | Noticed an ogre
    35 | D        | Noticed a sky beast
    49 | D        | Reached skill level 1 in Conjurations
    49 | D        | Reached skill level 1 in Hexes
    49 | D        | Reached skill level 1 in Summonings
    49 | D        | Reached skill level 1 in Necromancy
    49 | D        | Reached skill level 1 in Translocations
    49 | D        | Reached skill level 1 in Transmutations
    49 | D        | Reached skill level 1 in Fire Magic
    49 | D        | Reached skill level 1 in Ice Magic
    49 | D        | Reached skill level 1 in Air Magic
    49 | D        | Reached skill level 1 in Earth Magic
    49 | D        | Reached skill level 1 in Poison Magic
    50 | D        | Killed an ogre
    50 | D        | HP: 1/23 [worker ant (4)]
    51 | D        | Reached XP level 3. HP: 2/30 MP: 4/7
    51 | D        | Reached XP level 4. HP: 3/37 MP: 4/8
    66 | D        | Reached XP level 5. HP: 33/42 MP: 5/9
    81 | D        | Killed a sky beast
   112 | D        | Found a roughly hewn altar of Beogh.
   112 | D        | Found a snail-covered altar of Cheibriados.
   112 | D        | Found a shadowy altar of Dithmenos.
   112 | D        | Found a white marble altar of Elyvilon.
   112 | D        | Found a blossoming altar of Fedhas.
   112 | D        | Found an opulent altar of Gozag.
   192 | D        | Found a hazy altar of Hepliaklqana.
   193 | D        | Found a viscous altar of Jiyva.
   194 | D        | Found an ancient bone altar of Kikubaaqudgha.
   195 | D        | Found a corrupted altar of Lugonu.
   196 | D        | Found a burning altar of Makhleb.
   197 | D        | Found a sparkling altar of Nemelex Xobeh.
   198 | D        | Found an iron altar of Okawaru.
   199 | D        | Found a stormy altar of Qazlal.
   200 | D        | Found a sacrificial altar of Ru.
   201 | D        | Found a shimmering blue altar of Sif Muna.
   202 | D        | Found a bloodstained altar of Trog.
   203 | D        | Found a hide-covered altar of Uskayaw.
   204 | D        | Found a radiant altar of Vehumet.
   205 | D        | Found an ornate altar of the Wu Jian Council.
   206 | D        | Found a shimmering altar of Xom.
   207 | D        | Found a basalt altar of Yredelemnul.
   208 | D        | Found a glowing silver altar of Zin.
   210 | D        | Became a worshipper of Ru the Awakened
   212 | D        | Found a glowing golden altar of the Shining One.
   257 | D        | Noticed a sky beast
   257 | D        | Noticed an ice beast
   257 | D        | Noticed an ogre
   259 | D        | Reached XP level 6. HP: 50/50 MP: 12/12
   264 | D        | Reached skill level 5 in Fighting
   264 | D        | Reached skill level 5 in Axes
   264 | D        | Reached skill level 5 in Throwing
   264 | D        | Reached skill level 5 in Stealth
   267 | D        | Reached skill level 5 in Invocations
   279 | D        | Killed a sky beast
   280 | D        | Reached skill level 5 in Short Blades
   280 | D        | Reached skill level 5 in Long Blades
   280 | D        | Reached skill level 5 in Maces & Flails
   280 | D        | Reached skill level 5 in Polearms
   280 | D        | Reached skill level 5 in Staves
   280 | D        | Reached skill level 5 in Slings
   280 | D        | Reached skill level 5 in Bows
   280 | D        | Reached skill level 5 in Dodging
   280 | D        | Reached skill level 5 in Shields
   280 | D        | Reached skill level 5 in Unarmed Combat
   280 | D        | Reached skill level 5 in Spellcasting
   280 | D        | Reached skill level 5 in Evocations
   284 | D        | Killed an ice beast
   285 | D        | Reached XP level 7. HP: 14/57 MP: 12/14
   545 | D        | Reached skill level 5 in Conjurations
   545 | D        | Reached skill level 5 in Hexes
   545 | D        | Reached skill level 5 in Summonings
   545 | D        | Reached skill level 5 in Necromancy
   545 | D        | Reached skill level 5 in Translocations
   545 | D        | Reached skill level 5 in Transmutations
   545 | D        | Reached skill level 5 in Fire Magic
   545 | D        | Reached skill level 5 in Ice Magic
   545 | D        | Reached skill level 5 in Air Magic
   545 | D        | Reached skill level 5 in Earth Magic
   545 | D        | Reached skill level 5 in Poison Magic
   545 | D        | Reached XP level 8. HP: 20/65 MP: 17/17
   867 | D        | Gained mutation: You cannot study or use magical devices.
                  | [Ru sacrifice]
   867 | D        | Reached * piety under Ru
   867 | D        | Reached ** piety under Ru
   896 | D        | Noticed a komodo dragon
   896 | D        | Noticed a komodo dragon
   896 | D        | Noticed a yak
   896 | D        | Noticed a komodo dragon
   896 | D        | Noticed a polar bear
   897 | D        | Noticed a six-headed hydra
   940 | D        | Killed a komodo dragon
   946 | D        | Killed a komodo dragon
  1219 | D        | Killed a yak
  1220 | D        | Reached XP level 9. HP: 72/72 MP: 19/19
  1230 | D        | Killed a komodo dragon
  1523 | D        | Killed a polar bear
  1524 | D        | Reached skill level 10 in Crossbows
  1524 | D        | Reached skill level 10 in Armour
  1632 | D        | Killed a seven-headed hydra
  1844 | D        | Noticed a cane toad
  1844 | D        | Noticed an elephant
  1844 | D        | Noticed a rime drake
  1848 | D        | Noticed a komodo dragon
  1867 | D        | Killed a cane toad
  1868 | D        | Reached XP level 10. HP: 62/82 MP: 22/22
  1878 | D        | Killed an elephant
  3254 | D        | Reached skill level 10 in Invocations
  3726 | D        | Noticed an orc high priest
  4060 | D        | Killed an orc high priest
  4097 | D        | Reached XP level 11. HP: 90/90 MP: 24/24
  4137 | D        | Reached skill level 10 in Fighting
  4137 | D        | Reached skill level 10 in Axes
  4137 | D        | Reached skill level 10 in Throwing
  4183 | D        | Gained mutation: You are somewhat unskilled. (-1 Apt) [Ru
                  | sacrifice]
  4183 | D        | Reduced skill Crossbows to level 10
  4183 | D        | Reduced skill Armour to level 10
  4183 | D        | Reached *** piety under Ru
  4183 | D        | Reached **** piety under Ru
  4196 | D        | Noticed an orc knight
  4240 | D        | Killed an orc knight
  4245 | D        | Demolished by an orc warrior

Illustrated notes

Levels and vault maps discovered:
D:        linesprint [early_d, line_temple, items_1, d_10, items_2, lair_1,
          lair_end, items_3, orc_1, orc_end, items_4, d_15, swamp_1, shoals_1,
          snake_1, spider_1, d_20, vaults_1, items_5, swamp_end, shoals_end,
          snake_end, spider_end, vaults_end, d_27, items_6, zot_1, zot_end,
          crypt_end, forest_end, elf_end, slime_end, tomb_end, abyss_end,
          pan_hell_end]

Skill      XL: |  1  2  3  4  5  6  7  8  9 10 11 |
---------------+----------------------------------+-----
Invocations    | 1 3 4 5 6 7 9 10 9 |  9.8
Short Blades   | 1 2 3 4 5 6 7 8 9 9 |  9.0
Long Blades    | 1 2 3 4 5 6 7 8 9 9 |  9.0
Maces & Flails | 1 2 3 4 5 6 7 8 9 9 |  9.0
Polearms       | 1 2 3 4 5 6 7 8 9 9 |  9.0
Staves         | 1 2 3 4 5 6 7 8 9 9 |  9.0
Slings         | 1 2 3 4 5 6 7 8 9 9 |  9.0
Bows           | 1 2 3 4 5 6 7 8 9 9 |  9.0
Dodging        | 1 2 3 4 5 6 7 8 9 9 |  9.0
Shields        | 1 2 3 4 5 6 7 8 9 9 |  9.0
Unarmed Combat | 1 2 3 4 5 6 7 8 9 9 |  9.0
Spellcasting   | 1 2 3 4 5 6 7 8 9 9 |  9.0
Evocations     | 1 2 3 4 5 6 0 |  0.0
Conjurations   | 2 3 4 5 7 8 7 |  7.5
Hexes          | 2 3 4 5 7 8 7 |  7.5
Summonings     | 2 3 4 5 7 8 7 |  7.5
Necromancy     | 2 3 4 5 7 8 7 |  7.5
Translocations | 2 3 4 5 7 8 7 |  7.5
Transmutations | 2 3 4 5 7 8 7 |  7.5
Fire Magic     | 2 3 4 5 7 8 7 |  7.5
Ice Magic      | 2 3 4 5 7 8 7 |  7.5
Air Magic      | 2 3 4 5 7 8 7 |  7.5
Earth Magic    | 2 3 4 5 7 8 7 |  7.5
Poison Magic   | 2 3 4 5 7 8 7 |  7.5
Fighting       | 3 4 5 6 7 8 9 9 |  9.4
Axes           | 3 4 5 6 7 8 9 9 |  9.4
Crossbows      | 7 8 9 10 11 10 | 10.7
Throwing       | 3 4 5 6 7 8 9 9 |  9.4
Armour         | 7 8 9 10 11 10 | 10.7
Stealth        | 3 4 5 6 7 8 9 |  9.3

Action                   |  1- 3 |  4- 6 |  7- 9 | 10-12 || total
-------------------------+-------+-------+-------+-------++-------
Melee: Unarmed           |       |    22 |       |       ||    22
       Bite              |       |     3 |    13 |    35 ||    51
       Halberd           |       |    27 |    76 |       ||   103
       Dire flail        |       |       |    37 |   213 ||   250
 Fire: Shortbow          |    25 |     7 |       |       ||    32
Invok: Sacrifice Artific |       |       |     1 |       ||     1
       Draw Out Power    |       |       |       |     3 ||     3
       Sacrifice Skill   |       |       |       |     1 ||     1
  Use: Potion            |     1 |     1 |     4 |     1 ||     7
       Scroll            |       |       |       |     1 ||     1
 Stab: Sleeping          |       |     1 |       |       ||     1
       Invisible         |       |       |     2 |     1 ||     3
       Distracted        |       |       |     1 |     2 ||     3
Armor: Scale mail        |     8 |    27 |    42 |    72 ||   149
Dodge: Dodged            |    12 |    26 |    80 |   154 ||   272
